 Dungeon Crawl Stone Soup version 0.29-a0-398-ge13fd1374b (webtiles) character file.

Game seed: 10868646103849804707

5504 siradein the Destroyer (level 10, 0/63 HPs)
             Began as a Demonspawn Conjurer on May 13, 2022.
             Was a Believer of Vehumet.
             Slain by a hornet (7 damage)
             ... on level 8 of the Dungeon.
             The game lasted 00:36:18 (9955 turns).

siradein the Destroyer (Demonspawn Conjurer)        Turns: 9955, Time: 00:36:19

Health: 0/63       AC:  4    Str: 14    XL:     10   Next: 42%
Magic:  12/24      EV: 27    Int: 25    God:    Vehumet [**....]
Gold:   300        SH:  0    Dex: 18    Spells: 15/29 levels left

rFire   . . .      SeeInvis .   y - +4 hand axe (venom)
rCold   . . .      Faith    .   (no shield)
rNeg    . . .      Spirit   .   v - +0 leather armour
rPois   .          Reflect  .   (no helmet)
rElec   .          Harm     .   u - +0 cloak
rCorr   .          Rampage  .   (no gloves)
Will    .....                   (no boots)
Stlth   ++........              i - amulet of the acrobat
HPRegen 0.20/turn               n - +6 ring of strength
MPRegen 0.19/turn               z - +6 ring of dexterity

@: lethally poisoned (0 -> -5), acrobatic, slowed, very slow
A: powered by death 2, powered by pain 3, big brain 1, weakness stinger 1
a: Renounce Religion


You were on level 8 of the Dungeon.
You worshipped Vehumet.
Vehumet was pleased with you.
You visited 2 branches of the dungeon, and saw 9 of its levels.

You collected 300 gold pieces.

Inventory:

Hand Weapons
 x - a +2 vampiric whip
 y - a +4 hand axe of venom (weapon)
Missiles
 s - a throwing net
Armour
 u - a +0 cloak (worn)
 v - a +0 leather armour (worn)
Jewellery
 i - an amulet of the acrobat (around neck)
 n - a +6 ring of strength (left hand)
 z - a +6 ring of dexterity (right hand)
 A - a +6 ring of strength
 B - a ring of protection from fire
Scrolls
 c - 3 scrolls of fear
 f - a scroll of silence {unknown}
 g - a scroll of blinking {unknown}
 j - 7 scrolls of teleportation
 m - 2 scrolls of vulnerability {unknown}
 o - 2 scrolls of amnesia {unknown}
 q - a scroll of torment {unknown}
 t - a scroll of fog {unknown}
 w - a scroll of immolation
 C - a scroll of enchant armour {unknown}
Potions
 a - a potion of attraction {unknown}
 b - 3 potions of magic
 d - 3 potions of berserk rage
 e - 2 potions of haste {unknown}
 h - 4 potions of curing
 k - 3 potions of mutation
 l - a potion of flight
 p - a potion of lignification
 r - a potion of invisibility


   Skills:
 - Level 1.7 Dodging
 - Level 1.7 Stealth
 + Level 10.4 Spellcasting
 + Level 11.8 Conjurations


You had 15 spell levels left.
You knew the following spells:

 Your Spells              Type           Power      Damage    Failure   Level
a - Magic Dart            Conj           100%       1d8       1%          1
b - Searing Ray           Conj           100%       2d8       1%          2
c - Fulminant Prism       Conj/Hex       21%        3d13      5%          4
d - Iskenderun's Mystic   Conj/Tloc      42%        2d10      5%          4
e - Mephitic Cloud        Conj/Pois/Air  32%        N/A       3%          3

Your spell library contained the following spells:

 Spells                   Type           Power      Damage    Failure   Level
 Inner Flame              Hex/Fire       13%        N/A       19%         3
 Dazzling Flash           Conj/Hex       84%        N/A       1%          3
 Beastly Appendage        Tmut           26%        N/A       6%          1
 Call Imp                 Summ           13%        N/A       9%          2
 Wereblood                Tmut           13%        N/A       9%          2
 Ozocubu's Armour         Ice            13%        N/A       19%         3
 Spider Form              Tmut/Pois      13%        N/A       19%         3
 Leda's Liquefaction      Hex/Erth       6%         N/A       52%         4
 Lee's Rapid Deconstruct  Erth           6%         3d7*      86%         5
 Metabolic Englaciation   Hex/Ice        6%         N/A       86%         5
 Simulacrum               Ice/Necr       6%         N/A       100%        6
 Statue Form              Tmut/Erth      8%         N/A       100%        6


Dungeon Overview and Level Annotations

Branches:
Dungeon (8/15)             Temple (1/1) D:4
   Lair: D:8-11

Altars:
Cheibriados
Fedhas
Hepliaklqana
Kikubaaqudgha
Makhleb
Ru
Sif Muna
Vehumet

Shops:
D:1 [

Annotations:
D:5 1 runed translucent door, Crazy Yiuf


Innate Abilities, Weirdness & Mutations

You regenerate health from kills.
You are powered by pain.
You have an unusually large brain. (Int +2)
You have a small tail.


Message History

The hornet barely misses you. The hornet stings you.
You are poisoned.
You feel yourself slow down.
Your fulminant prism crackles loudly.
Unknown command.
The magic dart hits the hornet but does no damage.
You feel yourself speed up.
You feel very sick. The hornet stings you!
You are more poisoned.
You feel yourself slow down.
Your fulminant prism explodes!
The blast of energy engulfs the hornet!!
The hornet is almost dead.
The hornet closely misses you.
Casting: Magic Dart (safe; 1% risk of failure)
Confirm with . or Enter, or press ? or * to list all spells.
Aiming: Searing Ray (safe; 1% risk of failure)
Press: ? - help, Shift-Dir - straight line, f/p - hornet
Aim: a hornet (almost dead, 74% to hit)
The searing ray hits the hornet but does no damage.
The hornet is almost dead. (Press . to maintain the ray.)
You feel very sick. The hornet stings you!
You feel as though you will be slow longer.
The hornet stings you!
You feel as though you will be slow longer.
The searing ray hits the hornet but does no damage.
The hornet is almost dead.
You feel very sick. The hornet closely misses you.
The hornet barely misses you.
The searing ray hits the hornet but does no damage.
The hornet is almost dead.
You feel very sick. The hornet stings you!
* * * LOW HITPOINT WARNING * * *
You feel as though you will be slow longer.
The hornet completely misses you. The hornet stings you!
You die...

#.# #.#
#...........#
#.###.#
#)####.#.#.##
#..##.# #.#
##...##
#######....# #)#
##.##
.^......##.# #)#
#.# ##########.#
#)# #.#
#.####.### #.#
#.##.....# #..
#@##.....# ##.
#y#......# .
#>#......# .#
....y...#......#
....*###########
####


You could see a hornet.

Vanquished Creatures
  A two-headed ogre (D:7)
  A troll (D:6)
  Prince Ribbit (D:5)
  2 wyverns (D:8)
  A vampire (D:7)
  A shadow (D:7)
  6 yaks (D:6)
  Menkaure (D:7)
  A black bear (D:7)
  2 ice beasts
  An orc warrior (D:6)
  2 sky beasts
  3 ogres
  2 phantoms
  A kobold brigand (D:5)
  3 bullfrogs (D:6)
  Blork the orc (D:5)
  2 scorpions
  A jelly (D:7)
  A necrophage (D:4)
  5 wights (D:7)
  5 killer bees (D:8)
  A howler monkey (D:7)
  6 hounds
  5 orc priests
  6 iguanas
  Natasha (thrice) (D:2)
  7 orc wizards
  3 gnolls (D:5)
  5 adders
  3 white imps
  An ufetubus (D:6)
  A worm (D:3)
  2 dart slugs
  24 orcs
  A bat (D:3)
  8 endoplasms
  A giant cockroach (D:1)
  10 goblins
  6 hobgoblins
  2 jackals (D:4)
  3 quokkas
  4 ball pythons
  5 frilled lizards
  7 kobolds (D:5)
  3 rats
161 creatures vanquished.

Vanquished Creatures (others)
  13 fulminant prisms
  3 withered plants (D:5)
16 creatures vanquished.

Grand Total: 177 creatures vanquished

Notes
Turn   | Place    | Note
-------+----------+-------------------------------------------
     0 | D:1      | siradein the Demonspawn Conjurer began the quest for the
                  | Orb.
     0 | D:1      | Reached XP level 1. HP: 13/13 MP: 3/3
   200 | D:1      | Found Japh's Antique Armour Shoppe.
   589 | D:1      | Gained mutation: You regenerate a little health from kills.
                  | [demonic ancestry]
   589 | D:1      | Reached XP level 2. HP: 19/19 MP: 3/5
  1300 | D:2      | Found a shimmering blue altar of Sif Muna.
  1404 | D:2      | Gained mutation: You sometimes gain a little power by
                  | taking damage. [demonic ancestry]
  1404 | D:2      | Reached XP level 3. HP: 11/24 MP: 0/7
  1410 | D:2      | Learned a level 2 spell: Searing Ray
  1615 | D:2      | Noticed Natasha
  1619 | D:2      | Killed Natasha
  1620 | D:2      | Reached XP level 4. HP: 30/30 MP: 2/8
  1692 | D:2      | Noticed Natasha
  1695 | D:2      | Killed Natasha
  1696 | D:2      | Reached skill level 5 in Conjurations
  1801 | D:2      | Found a faded altar of an unknown god.
  1846 | D:2      | Noticed Natasha
  1854 | D:2      | Killed Natasha
  2075 | D:3      | Gained mutation: You sometimes gain power by taking damage.
                  | [demonic ancestry]
  2075 | D:3      | Reached XP level 5. HP: 32/35 MP: 6/10
  2545 | D:3      | Learned a level 4 spell: Fulminant Prism
  2550 | D:3      | Learned a level 4 spell: Iskenderun's Mystic Blast
  2705 | D:3      | Noticed an ice beast
  2724 | D:3      | Killed an ice beast
  2725 | D:3      | Reached skill level 6 in Conjurations
  2725 | D:3      | Gained mutation: You regenerate health from kills. [demonic
                  | ancestry]
  2725 | D:3      | Reached XP level 6. HP: 23/41 MP: 2/12
  4000 | D:4      | Reached skill level 5 in Spellcasting
  4000 | D:4      | Gained mutation: You have an unusually large brain. (Int
                  | +2) [demonic ancestry]
  4000 | D:4      | Reached XP level 7. HP: 44/46 MP: 3/14
  4156 | D:4      | Found a staircase to the Ecumenical Temple.
  4162 | Temple   | Entered the Ecumenical Temple
  4183 | Temple   | Became a worshipper of Vehumet
  4720 | D:4      | Learned a level 3 spell: Mephitic Cloud
  4886 | D:5      | Entered Level 5 of the Dungeon
  4904 | D:5      | Found an ancient bone altar of Kikubaaqudgha.
  4948 | D:5      | Reached skill level 7 in Conjurations
  5112 | D:5      | Noticed Prince Ribbit
  5127 | D:5      | Killed Prince Ribbit
  5377 | D:5      | Gained mutation: You are powered by pain. [demonic
                  | ancestry]
  5377 | D:5      | Reached XP level 8. HP: 47/52 MP: 13/17
  5554 | D:5      | Reached * piety under Vehumet
  5554 | D:5      | Offered knowledge of Foxfire by Vehumet.
  5731 | D:5      | Reached skill level 8 in Conjurations
  5998 | D:5      | Found a runed translucent door.
  5999 | D:5      | Noticed Crazy Yiuf
  6114 | D:5      | Noticed Blork the orc
  6119 | D:5      | Killed Blork the orc
  6878 | D:6      | Noticed a troll
  6942 | D:6      | Reached skill level 9 in Conjurations
  7135 | D:6      | Reached XP level 9. HP: 55/57 MP: 13/20
  7150 | D:6      | Killed a troll
  7347 | D:6      | Offered knowledge of Sandblast by Vehumet.
  7557 | D:6      | Reached ** piety under Vehumet
  7825 | D:6      | Reached skill level 10 in Conjurations
  8753 | D:7      | Reached skill level 11 in Conjurations
  8755 | D:7      | Gained mutation: You have a small tail. [demonic ancestry]
  8755 | D:7      | Reached XP level 10. HP: 63/63 MP: 16/23
  9197 | D:7      | Noticed a two-headed ogre
  9204 | D:7      | Killed a two-headed ogre
  9205 | D:7      | Reached skill level 10 in Spellcasting
  9336 | D:7      | Noticed Menkaure
  9339 | D:7      | Killed Menkaure
  9708 | D:8      | Offered knowledge of Inner Flame by Vehumet.
  9955 | D:8      | Slain by a hornet

Illustrated notes

Levels and vault maps discovered:
D:1:      scummos_arrival_star, layout_basic, serial_shops, nicolae_shop_stone
D:2:      layout_basic, basic_altar, hellmonk_ecumenical_altar_heavens_door,
          minmay_misc_feat_iff, minmay_hedge_maze, uniq_natasha
D:3:      layout_basic, solitary_fountain, kennysheep_generic_room_6
D:4:      layout_cave_pods, minmay_temple_entry_enclosed_plants, minivault_14
D:5:      layout_cave_pools, kiku_gazebo_garden_becter, serial_rivers,
          chequers_serial_rivers_micro_c, chequers_serial_rivers_micro_a,
          chequers_serial_rivers_micro_d, chequers_serial_rivers_micro_d,
          chequers_serial_rivers_small_b, chequers_serial_rivers_micro_d,
          roderic_st_hans_cross, uniq_prince_ribbit1, uniq_blork_the_orc,
          uniq_crazy_yiuf_cottage
D:6:      hangedman_cross_stitches, layout_basic
D:7:      layout_gridville, serial_bayou_pond_e, uniq_menkaure
D:8:      layout_loops_ring, nicolae_overflow_crystal_walls,
          nemelex_spade_bored_becter, zin_statuary,
          nicolae_tso_besieged_by_evil, serial_shops, nicolae_stop_n_shop_1,
          nicolae_shop_stone, shop_statue, dk_rats_in_the_wall
Temple:   nicolae_temple_elliptical

Skill      XL: |  1  2  3  4  5  6  7  8  9 10 |
---------------+-------------------------------+-----
Spellcasting   | 3 4 5 6 7 9 10 | 10.4
Conjurations   | 5 6 7 9 11 | 11.8
Dodging        | |  1.7
Stealth        | |  1.7

Action                   |  1- 3 |  4- 6 |  7- 9 | 10-12 || total
-------------------------+-------+-------+-------+-------++-------
Melee: Hand axe          |    10 |     6 |       |       ||    16
 Cast: Magic Dart        |    48 |    54 |   126 |    16 ||   244
       Searing Ray       |     1 |    13 |    55 |    15 ||    84
       Fulminant Prism   |       |       |     5 |     8 ||    13
       Mephitic Cloud    |       |       |     1 |       ||     1
       Iskenderun's Myst |       |       |       |     2 ||     2
  Use: Scroll            |       |       |     9 |       ||     9
Armor: Robe              |     2 |     1 |       |       ||     3
       Leather armour    |       |       |     6 |     2 ||     8
Dodge: Dodged            |    10 |    15 |    46 |    24 ||    95

Table legend: (Time is in decaauts)
 A = Elapsed time spent in this place.
 B = Non-inter-level travel time spent in this place.
 C = Inter-level travel time spent in this place.
 D = Time resting spent in this place.
 E = Time spent auto-exploring this place.
 F = Levels seen in this place.
 G = Mean time per level.
                   A        B        C        D        E       F      G
               +--------+--------+--------+--------+--------+-----+--------+
         Total |   9980 |   9647 |    333 |    142 |   8156 |   9 | 1108.9 |
       Dungeon |   9943 |   9610 |    333 |    142 |   8146 |   8 | 1242.9 |
        Temple |     36 |     36 |      0 |      0 |     10 |   1 |   36.0 |
               +--------+--------+--------+--------+--------+-----+--------+

Top non-repeatable levels by time:
     D:5: 1686 daAuts
     D:7: 1656 daAuts
     D:3: 1656 daAuts
     D:6: 1382 daAuts
     D:4: 1277 daAuts
     D:1: 1173 daAuts
     D:2: 824 daAuts
     D:8: 284 daAuts
  Temple: 36 daAuts
